 Dungeon Crawl Stone Soup version 0.25-a0-700-g7f8a797 (webtiles) character file.

Game seed: 15532046109019568797, levelgen mode: deterministic

23 Faca the Skirmisher (level 2, -3/29 HPs)
             Began as a Troll Fighter on Apr 2, 2020.
             Slain by a hippogriff (5 damage)
             ... on level 2 of the Dungeon.
             The game lasted 00:01:43 (827 turns).

Faca the Skirmisher (Troll Fighter)                  Turns: 827, Time: 00:01:44

Health: -3/29      AC:  6    Str: 23    XL:     2   Next: 75%
Magic:  1/1        EV:  8    Int:  4    God:
Gold:   103        SH: 10    Dex:  9    Spells: 1/1 levels left

rFire    . . .     SeeInvis .     - Unarmed
rCold    . . .     Gourm    +   b - +0 kite shield
rNeg     . . .     Faith    .   a - +0 robe
rPois    .         Spirit   .   (helmet restricted)
rElec    .         Reflect  +   (no cloak)
rCorr    .         Harm     .   (gloves unavailable)
MR       .....                  (boots unavailable)
Stlth    +.........             j - +2 amulet of reflection
HPRegen  0.49/turn              (no ring)
MPRegen  0.07/turn              (no ring)

@: mighty
A: large, unfitting armour, claws 3, fast metabolism 3, gourmand, regeneration
1, shaggy fur 1, tough skin 3
a: no special abilities


You were on level 2 of the Dungeon.
You were full.

You visited 1 branch of the dungeon, and saw 2 of its levels.

You collected 103 gold pieces.

Inventory:

Missiles
 g - 55 stones (quivered)
Armour
 a - a +0 robe (worn)
 b - a +0 kite shield (worn)
Jewellery
 j - a +2 amulet of reflection (around neck)
Scrolls
 e - 2 scrolls of identify
Potions
 i - a potion of flight
Comestibles
 d - 3 rations


   Skills:
 + Level 2.9 Fighting
 - Level 2.4 Dodging
 - Level 2.4 Shields
 + Level 2.7 Unarmed Combat


You had one spell level left.
You didn't know any spells.
Your spell library was empty.

Dungeon Overview and Level Annotations

Branches:
Dungeon (2/15)

Altars:


Innate Abilities, Weirdness & Mutations

You are too large for most types of armour.
You have claws for hands.
Your metabolism is lightning-fast.
You like to eat raw meat.
Your natural rate of healing is unusually fast.
You are covered in fur. (AC +1)
You have extremely tough skin. (AC +3)


Message History

A jackal comes into view.
The hippogriff bites you but does no damage.
The hippogriff pecks you. The hippogriff claws you.
* * * LOW HITPOINT WARNING * * *
The jackal barks! x2
You scratch the hippogriff.
The hippogriff is moderately wounded.
You hear a bark!
A jackal comes into view.
The hippogriff barely misses you. You block the hippogriff's attack.
The hippogriff claws you but does no damage.
The jackal barks!
You scratch the hippogriff.
The hippogriff is moderately wounded.
The hippogriff bites you.
* * * LOW HITPOINT WARNING * * *
The hippogriff pecks you.
* * * LOW HITPOINT WARNING * * *
The hippogriff claws you.
You die...

... #......# ..
#......#
#.##......#
#..#......#
#.#......####
#...........#
#######..........#
..........[......#
....h..@#'##..รท..#
.......H#.##.....#
...h.%..#.##.....#
.h#####.#.####<###
. #.#.# #.# #.#.#
#.# #.#.# ... #.#.#
#.# ..#


You could see a hippogriff and 3 jackals.

Vanquished Creatures
  An ooze (D:1)
  2 dart slugs (D:1)
  4 bats (D:1)
  A giant cockroach (D:1)
  A goblin (D:1)
  A hobgoblin (D:1)
  6 rats
16 creatures vanquished.

Notes
Turn   | Place    | Note
-------+----------+-------------------------------------------
     0 | D:1      | Faca the Troll Fighter began the quest for the Orb.
     0 | D:1      | Reached XP level 1. HP: 22/22 MP: 0/0
    87 | D:1      | Reached XP level 2. HP: 29/29 MP: 1/1
   820 | D:2      | Noticed a hippogriff
   827 | D:2      | Slain by a hippogriff

Levels and vault maps discovered:
D:1:      dpeg_arrival_water_temple_mockup, layout_basic
D:2:      layout_basic, marbit_many_paths

Action                   || total
-------------------------++-------
Melee: Unarmed           ||    45
Throw: Stone             ||     1
  Use: Scroll            ||     2
       Potion            ||     1
  Eat: Chunk             ||    10
Armor: Robe              ||    27
Dodge: Dodged            ||    19
Block: Kite shield       ||    27

Table legend:
 A = Non-vault XP
 B = Vault XP
 C = Vault XP percentage of total XP
 D = Non-vault monster count
 E = Vault monster count
 F = Vault count percentage of total count
                 A         B        C        D         E       F
            +---------+---------+-------+---------+---------+-------
      Total |      34 |       0 |   0.0 |      16 |       0 |   0.0
            +---------+---------+-------+---------+---------+-------
        D:1 |      33 |       0 |   0.0 |      15 |       0 |   0.0
        D:2 |       1 |       0 |   0.0 |       1 |       0 |   0.0
            +---------+---------+-------+---------+---------+-------
